Coyotes vs Wild

Created - 16 mars 2015 at 19:23

Goals
1 2 3 OT1 T
Coyotes 2 1 1 0 4
Wild 0 1 3 1 5
Shots
1 2 3 OT1 T
Coyotes 14 8 13 0 35
Wild 9 11 10 1 31

1st period

1. Coyotes , Drew Miller 24 (Frans Nielsen) at 4:02
2. Coyotes , Tim Connolly 31 (Anton Stralman, Marian Gaborik) at 13:33

Penalties :
No Penalty

2nd period

3. Coyotes , Frans Nielsen 26 (Saku Koivu) at 8:36 (PP)
4. Wild , Daniel Briere 37 (Kristopher Letang, Chris Drury) at 18:06

Penalties :
Tyler Ennis (Ari) for Holding (Minor) at 0:11, Chris Drury (Min) for Holding (Minor) at 8:24, Fedor Tyutin (Min) for Delaying the game (Minor) at 8:54, Matt Taormina (Ari) for Holding (Minor) at 19:25

3rd period

5. Wild , Pascal Dupuis 7 (Kristopher Letang, Fredrik Modin) at 1:37
6. Wild , Daniel Briere 38 (Chris Drury) at 12:38
7. Coyotes , Tim Connolly 32 (Marian Gaborik, Tyler Ennis) at 16:33 (PP)
8. Wild , Daniel Briere 39 (Chris Drury) at 19:48

Penalties :
Daniel Briere (Min) for High sticking (Minor) at 9:26, Frans Nielsen (Ari) for Hooking (Minor) at 12:59, Scott Hannan (Min) for Hooking (Minor) at 15:23

Overtime #1

9. Wild , Daniel Briere 40 (Chris Drury, Fedor Tyutin) at 0:16

Penalties :
No Penalty

Goalie Stats

Ryan Miller (Ari), 26 saves from 31 shots - (0,839), OTL, 36-15-8, 60:16 minutes
Julien Ellis (Min), 31 saves from 35 shots - (0,886), W, 3-6-1, 59:30 minutes

Players Stats for Coyotes

Player Name              G  A  P  +/- PIM S  H  SB GA TA FO     MP     PP MP  PK MP  
------------------------------------------------------------------------------------
Adrian Aucoin            0  0  0  -3  0   1  0  1  0  0  0/0    22:41   0:00   3:59 
Andy Sutton              0  0  0   0  0   0  1  2  0  1  0/0    16:57   0:00   3:59 
Anton Stralman           0  1  1  -1  0   2  0  1  0  0  0/0    21:24   2:02   1:58 
Chad Larose              0  0  0  -1  0   2  0  0  0  1  0/0    17:08   0:00   3:25 
Chris Stewart            0  0  0   0  0   2  0  0  1  0  0/0    14:12   2:36   0:00 
Denis Grebeshkov         0  0  0  -2  0   2  3  0  2  1  0/0    24:07   3:18   1:58 
Drew Miller              1  0  1  -1  0   2  2  1  0  1  4/8    16:28   0:11   3:38 
Erik Christensen         0  0  0   0  0   4  1  0  0  0  2/2     9:08   0:11   1:00 
Erik Cole                0  0  0  -1  0   1  1  0  1  0  1/2    16:21   0:00   2:16 
Frans Nielsen            1  1  2   0  2   5  3  0  0  0  6/13   15:54   2:36   1:21 
Marian Gaborik           0  2  2  -2  0   3  4  2  2  1  1/2    18:25   2:44   0:00 
Matt Taormina            0  0  0   0  2   0  1  0  1  1  0/0    15:03   2:02   0:00 
Saku Koivu               0  1  1   0  0   4  2  1  0  0  11/13  15:35   2:36   0:11 
Sami Kapanen             0  0  0   0  0   0  1  0  1  0  0/0     7:03   0:00   0:00 
Sergei Gonchar           0  0  0   0  0   0  2  2  0  0  0/0    19:44   3:18   0:00 
Shawn Thornton           0  0  0   0  0   0  2  0  0  0  0/0     8:04   0:00   0:03 
Tim Connolly             2  0  2  -2  0   5  2  0  2  0  12/20  18:13   2:33   0:00 
Tyler Ennis              0  1  1  -1  2   2  3  0  0  0  0/1    18:37   2:33   0:00 

Players Stats for Wild

Player Name              G  A  P  +/- PIM S  H  SB GA TA FO     MP     PP MP  PK MP  
------------------------------------------------------------------------------------
Alexei Kovalev           0  0  0  -1  0   3  3  0  0  0  1/1    17:12   2:19   0:00 
Anson Carter             0  0  0   0  0   0  0  0  0  0  0/0     6:02   0:00   0:00 
Chris Drury              0  4  4   3  2   3  2  0  0  1  15/30  25:40   3:38   2:52 
Daniel Briere            4  0  4   3  2   10 1  1  1  0  1/9    24:50   3:38   2:03 
Fedor Tyutin             0  1  1   3  2   1  0  0  2  2  0/0    26:17   3:57   2:20 
Fredrik Modin            0  1  1   1  0   1  0  0  0  1  0/0    14:21   0:00   1:22 
Glen Metropolit          0  0  0   1  0   0  0  1  1  0  3/7    14:54   0:00   1:54 
Greg Zanon               0  0  0  -1  0   0  0  0  0  0  0/0    10:57   0:00   0:49 
Kristopher Letang        0  2  2   3  0   3  2  2  0  0  0/0    26:39   3:57   3:38 
Mark Eaton               0  0  0   2  0   1  1  0  1  2  0/0    18:11   2:00   1:42 
Matt Moulson             0  0  0  -1  0   1  0  0  0  0  0/0    17:20   2:19   0:00 
Niklas Kronwall          0  0  0   2  0   1  0  0  0  0  0/0    18:11   2:00   1:42 
Pascal Dupuis            1  0  1   1  0   3  0  1  0  1  0/0    12:55   0:00   0:00 
R.J. Umberger            0  0  0   2  0   1  4  2  0  0  2/2    20:59   3:38   0:54 
Scott Hannan             0  0  0  -1  2   1  0  2  0  0  0/0     5:17   0:00   0:00 
Shane Hnidy              0  0  0  -1  0   0  0  0  1  1  0/0     5:54   0:00   0:29 
Toni Lydman              0  0  0  -1  0   0  0  0  0  0  0/0    10:08   0:00   0:00 
Vaclav Prospal           0  0  0  -1  0   2  4  1  0  2  2/12   19:53   2:19   1:35 

3 Stars

1 - Daniel Briere (Min)
2 - Chris Drury (Min)
3 - Kristopher Letang (Min)

Power Play

Coyotes - 2 on 4 Attempt(s) - 50,00%
Wild - 0 on 3 Attempt(s) - 0,00%

Penalty Kill

Coyotes - 3 on 3 Attempt(s) - 100,00% - Score 0 goal in Penalty Kill
Wild - 2 on 4 Attempt(s) - 50,00% - Score 0 goal in Penalty Kill

Team Stat

Coyotes - Hits : 28 - Faceoff Wins : 37 - Blocked Shots : 10 - Penalty Minutes : 6
Wild - Hits : 17 - Faceoff Wins : 24 - Blocked Shots : 10 - Penalty Minutes : 8

Official

Referees : Joannette Marc and Rehman Kyle
Linesman : Jay Sharrers and Lonnie Cameron

Game Notes

Daniel Briere has scored a Hat Trick!

Finance

Level 1 -- Attendance: 3342 (55,70%) -- Ticket Income 417 750 $
Level 2 -- Attendance: 2700 (54,00%) -- Ticket Income 202 500 $
Level 3 -- Attendance: 946 (47,30%) -- Ticket Income 47 300 $
Level 4 -- Attendance: 1721 (43,03%) -- Ticket Income 68 840 $
Luxury Box -- Attendance: 714 (71,40%) -- Ticket Income 142 800 $
Game was played at the Forest Center'
Total Attendance: 9423 (52,35%)
Total Ticket Income: 879 190 $
Other Income: 131 878 $
Total Income: 1 011 068 $

Coyotes

5 vs 5 Forward 
   Center                   Left Wing                Right Wing               Time % Phy DF OF 
 1 Tim Connolly             Tyler Ennis              Marian Gaborik           35     1   1  3  
 2 Frans Nielsen            Drew Miller              Chris Stewart            28     1   2  2  
 3 Saku Koivu               Erik Cole                Chad Larose              25     2   2  1  
 4 Erik Christensen         Shawn Thornton           Sami Kapanen             12     2   2  1  

5 vs 5 Defense 
   Defense                  Defense                                           Time % Phy DF OF 
 1 Denis Grebeshkov         Adrian Aucoin                                     37     1   2  2  
 2 Sergei Gonchar           Anton Stralman                                    34     1   3  1  
 3 Matt Taormina            Andy Sutton                                       28     1   3  1  
 4 Sergei Gonchar           Denis Grebeshkov                                  1      1   4  0  

PowerPlay Forward 
   Center                   Left Wing                Right Wing               Time % Phy DF OF 
 1 Tim Connolly             Tyler Ennis              Marian Gaborik           57     0   0  5  
 2 Saku Koivu               Frans Nielsen            Chris Stewart            43     0   0  5  

PowerPlay Defense
   Defense                  Defense                                           Time % Phy DF OF 
 1 Denis Grebeshkov         Sergei Gonchar                                    57     0   0  5  
 2 Anton Stralman           Matt Taormina                                     43     0   0  5  

Penalty Kill 4 Players Forward 
   Center                   Wing                     Time % Phy DF OF 
 1 Drew Miller              Chad Larose              54     0   5  0  
 2 Frans Nielsen            Erik Cole                46     0   5  0  

Penalty Kill 4 Players Defense
   Defense                  Defense                  Time % Phy DF OF 
 1 Adrian Aucoin            Andy Sutton              54     1   4  0  
 2 Anton Stralman           Denis Grebeshkov         46     1   4  0  

Penalty Kill - 3 Players Forward 
   Forward                                           Time % Phy DF OF 
 1 Drew Miller                                       52     0   5  0  
 2 Chad Larose                                       48     0   5  0  

Penalty Kill - 3 Players Defense
   Defense                  Defense                  Time % Phy DF OF 
 1 Andy Sutton              Adrian Aucoin            52     0   5  0  
 2 Anton Stralman           Denis Grebeshkov         48     0   5  0  

4 vs 4 Forward 
   Center                   Wing                     Time % Phy DF OF 
 1 Tim Connolly             Marian Gaborik           52     1   1  3  
 2 Frans Nielsen            Drew Miller              48     1   2  2  

4 vs 4 Defense
   Defense                  Defense                  Time % Phy DF OF 
 1 Adrian Aucoin            Anton Stralman           52     1   3  1  
 2 Denis Grebeshkov         Sergei Gonchar           48     1   2  2  

Last Minutes Offensive
   Center                   Left Wing                Right Wing               Defense                  Defense                  
   Tim Connolly             Tyler Ennis              Marian Gaborik           Denis Grebeshkov         Anton Stralman           

Last Minutes Defensive
   Center                   Left Wing                Right Wing               Defense                  Defense                  
   Drew Miller              Erik Cole                Chad Larose              Denis Grebeshkov         Anton Stralman           

Goaltenders
Starting : Ryan Miller              
Backup : Marc Denis               

Extra Forwards
Normal : Marian Gaborik, Tyler Ennis, Chris Stewart - PP : Marian Gaborik, Chris Stewart - PK : Drew Miller
Extra Defensemen
Normal : Denis Grebeshkov, Matt Taormina, Anton Stralman - PP : Denis Grebeshkov - PK : Andy Sutton, Matt Taormina
Penalty Shots
Marian Gaborik, Tyler Ennis, Chad Larose, Drew Miller, Tim Connolly

Wild

5 vs 5 Forward 
   Center                   Left Wing                Right Wing               Time % Phy DF OF 
 1 Chris Drury              R.J. Umberger            Daniel Briere            40     1   2  2  
 2 Vaclav Prospal           Matt Moulson             Alexei Kovalev           30     1   2  2  
 3 Glen Metropolit          Fredrik Modin            Pascal Dupuis            20     1   2  2  
 4 Daniel Briere            Chris Drury              Anson Carter             10     1   2  2  

5 vs 5 Defense 
   Defense                  Defense                                           Time % Phy DF OF 
 1 Fedor Tyutin             Kristopher Letang                                 40     1   2  2  
 2 Mark Eaton               Niklas Kronwall                                   30     1   2  2  
 3 Toni Lydman              Greg Zanon                                        20     1   2  2  
 4 Shane Hnidy              Scott Hannan                                      10     1   2  2  

PowerPlay Forward 
   Center                   Left Wing                Right Wing               Time % Phy DF OF 
 1 Chris Drury              R.J. Umberger            Daniel Briere            60     1   2  2  
 2 Vaclav Prospal           Matt Moulson             Alexei Kovalev           40     1   2  2  

PowerPlay Defense
   Defense                  Defense                                           Time % Phy DF OF 
 1 Fedor Tyutin             Kristopher Letang                                 60     1   2  2  
 2 Mark Eaton               Niklas Kronwall                                   40     1   2  2  

Penalty Kill 4 Players Forward 
   Center                   Wing                     Time % Phy DF OF 
 1 Daniel Briere            Chris Drury              60     1   2  2  
 2 Vaclav Prospal           R.J. Umberger            40     1   2  2  

Penalty Kill 4 Players Defense
   Defense                  Defense                  Time % Phy DF OF 
 1 Fedor Tyutin             Kristopher Letang        60     1   2  2  
 2 Mark Eaton               Niklas Kronwall          40     1   2  2  

Penalty Kill - 3 Players Forward 
   Forward                                           Time % Phy DF OF 
 1 Daniel Briere                                     60     1   2  2  
 2 Chris Drury                                       40     1   2  2  

Penalty Kill - 3 Players Defense
   Defense                  Defense                  Time % Phy DF OF 
 1 Fedor Tyutin             Kristopher Letang        60     1   2  2  
 2 Mark Eaton               Niklas Kronwall          40     1   2  2  

4 vs 4 Forward 
   Center                   Wing                     Time % Phy DF OF 
 1 Daniel Briere            Chris Drury              60     1   2  2  
 2 Vaclav Prospal           R.J. Umberger            40     1   2  2  

4 vs 4 Defense
   Defense                  Defense                  Time % Phy DF OF 
 1 Fedor Tyutin             Kristopher Letang        60     1   2  2  
 2 Mark Eaton               Niklas Kronwall          40     1   2  2  

Last Minutes Offensive
   Center                   Left Wing                Right Wing               Defense                  Defense                  
   Chris Drury              R.J. Umberger            Daniel Briere            Fedor Tyutin             Kristopher Letang        

Last Minutes Defensive
   Center                   Left Wing                Right Wing               Defense                  Defense                  
   Chris Drury              R.J. Umberger            Daniel Briere            Fedor Tyutin             Kristopher Letang        

Goaltenders
Starting : Julien Ellis             
Backup : Martin Brodeur           

Extra Forwards
Normal : Pascal Dupuis, Anson Carter, Glen Metropolit - PP : Pascal Dupuis, Anson Carter - PK : Glen Metropolit
Extra Defensemen
Normal : Toni Lydman, Greg Zanon, Shane Hnidy - PP : Toni Lydman - PK : Greg Zanon, Shane Hnidy
Penalty Shots
Daniel Briere, Chris Drury, Vaclav Prospal, R.J. Umberger, Alexei Kovalev

% Time on Ice - Coyotes

Lines # - Real PCT - Wanted PCT - Time Play
Normal Forward
1 - 34% - 35% - 16:18
2 - 25% - 28% - 11:58
3 - 26% - 25% - 12:29
4 - 15% - 12% - 7:03
Normal Defense
1 - 38% - 37% - 18:13
2 - 34% - 34% - 16:13
3 - 27% - 28% - 12:55
4 - 1% - 1% - 0:27
PP Forward
1 - 51% - 57% - 2:44
2 - 49% - 43% - 2:36
PP Defense
1 - 62% - 57% - 3:18
2 - 38% - 43% - 2:02
PK Forward
1 - 58% - 54% - 3:28
2 - 42% - 46% - 2:29
PK Defense
1 - 67% - 54% - 3:59
2 - 33% - 46% - 1:58
PK3 Forward
1 - 0% - 52%
2 - 0% - 48%
PK3 Defense
1 - 0% - 52%
2 - 0% - 48%
44 Forward
1 - 100% - 52% - 0:16
2 - 0% - 48% - 0:00
44 Defense
1 - 100% - 52% - 0:16
2 - 0% - 48% - 0:00
Last Minute Offensive  - 0:00
Last Minute Defensive  - 0:55
Total
Forward - 60:16
Defense - 60:16

% Time on Ice - Wild

Lines # - Real PCT - Wanted PCT - Time Play
Normal Forward
1 - 30% - 40% - 14:29
2 - 33% - 30% - 15:44
3 - 27% - 20% - 12:44
4 - 10% - 10% - 4:54
Normal Defense
1 - 39% - 40% - 18:48
2 - 28% - 30% - 13:37
3 - 21% - 20% - 10:08
4 - 11% - 10% - 5:18
PP Forward
1 - 61% - 60% - 3:38
2 - 39% - 40% - 2:19
PP Defense
1 - 66% - 60% - 3:57
2 - 34% - 40% - 2:00
PK Forward
1 - 83% - 60% - 4:26
2 - 17% - 40% - 0:54
PK Defense
1 - 68% - 60% - 3:38
2 - 32% - 40% - 1:42
PK3 Forward
1 - 0% - 60%
2 - 0% - 40%
PK3 Defense
1 - 0% - 60%
2 - 0% - 40%
44 Forward
1 - 100% - 60% - 0:16
2 - 0% - 40% - 0:00
44 Defense
1 - 100% - 60% - 0:16
2 - 0% - 40% - 0:00
Last Minute Offensive  - 0:52
Last Minute Defensive  - 0:00
Total
Forward - 60:16
Defense - 60:16

Play by Play

1st period


0:01 of 1st period - Tim Connolly wins face-off versus Chris Drury in neutral zone.
0:12 of 1st period - Denis Grebeshkov is hit by Chris Drury and loses puck.
0:47 of 1st period - Glen Metropolit is hit by Denis Grebeshkov and loses puck.
1:12 of 1st period - Wrist shot by Erik Christensen.
1:12 of 1st period - Shot Misses the Net.
1:14 of 1st period - Backhand shot by Denis Grebeshkov.
1:14 of 1st period - Stopped by Julien Ellis without a rebound.
1:15 of 1st period - Vaclav Prospal wins face-off versus Tim Connolly in Wild zone.
1:20 of 1st period - Wrist shot by Matt Moulson.
1:20 of 1st period - Shot Misses the Net.
1:22 of 1st period - Slapshot by Vaclav Prospal.
1:22 of 1st period - Stopped by Ryan Miller with a rebound.
1:24 of 1st period - Slapshot by Vaclav Prospal.
1:24 of 1st period - Shot Blocked by Sergei Gonchar.
1:49 of 1st period - Snap shot by R.J. Umberger.
1:49 of 1st period - Shot Misses the Net.
1:51 of 1st period - Slapshot by Shane Hnidy.
1:51 of 1st period - Shot Blocked by Saku Koivu.
2:20 of 1st period - Kristopher Letang is hit by Shawn Thornton and loses puck.
2:27 of 1st period - Snap shot by Erik Christensen.
2:27 of 1st period - Stopped by Julien Ellis with a rebound.
3:13 of 1st period - Slapshot by Daniel Briere.
3:13 of 1st period - Shot Blocked by Drew Miller.
3:47 of 1st period - Slapshot by Chris Stewart.
3:47 of 1st period - Shot Blocked by Scott Hannan.
3:55 of 1st period - Matt Moulson is hit by Drew Miller and loses puck.
4:02 of 1st period - Slapshot by Drew Miller.
4:02 of 1st period - Goal by Drew Miller - Coyotes : 1 - Wild : 0.
4:03 of 1st period - Tim Connolly wins face-off versus Chris Drury in neutral zone.
4:06 of 1st period - Daniel Briere is hit by Tim Connolly and loses puck.
6:08 of 1st period - Greg Zanon is hit by Denis Grebeshkov and loses puck.
6:21 of 1st period - Chris Stewart is hit by Daniel Briere and loses puck.
6:46 of 1st period - Alexei Kovalev is hit by Tim Connolly and loses puck.
7:11 of 1st period - Slapshot by Sami Kapanen.
7:11 of 1st period - Shot Blocked by Scott Hannan.
7:30 of 1st period - Icing by Fedor Tyutin.
7:31 of 1st period - Frans Nielsen wins face-off versus Vaclav Prospal in Wild zone.
7:34 of 1st period - Snap shot by Drew Miller.
7:34 of 1st period - Shot Misses the Net.
7:36 of 1st period - Slapshot by Frans Nielsen.
7:36 of 1st period - Shot Misses the Net.
7:40 of 1st period - Wrist shot by Frans Nielsen.
7:40 of 1st period - Shot Misses the Net.
7:42 of 1st period - Wrist shot by Chris Stewart.
7:42 of 1st period - Stopped by Julien Ellis with a rebound.
7:44 of 1st period - Slapshot by Anton Stralman.
7:44 of 1st period - Stopped by Julien Ellis with a rebound.
8:14 of 1st period - Snap shot by Vaclav Prospal.
8:14 of 1st period - Stopped by Ryan Miller without a rebound.
8:15 of 1st period - R.J. Umberger wins face-off versus Tim Connolly in Coyotes zone.
8:41 of 1st period - Fredrik Modin is hit by Erik Cole and loses puck.
9:02 of 1st period - Snap shot by Daniel Briere.
9:02 of 1st period - Shot Misses the Net.
9:08 of 1st period - Daniel Briere is hit by Sergei Gonchar and loses puck.
9:23 of 1st period - Icing by Matt Taormina.
9:24 of 1st period - Alexei Kovalev wins face-off versus Tim Connolly in Coyotes zone.
9:56 of 1st period - Snap shot by Erik Cole.
9:56 of 1st period - Shot Misses the Net.
11:06 of 1st period - Wrist shot by Erik Christensen.
11:06 of 1st period - Stopped by Julien Ellis with a rebound.
11:14 of 1st period - Wrist shot by Saku Koivu.
11:14 of 1st period - Stopped by Julien Ellis without a rebound.
11:15 of 1st period - Tim Connolly wins face-off versus Vaclav Prospal in Wild zone.
11:16 of 1st period - Slapshot by Marian Gaborik.
11:16 of 1st period - Shot Misses the Net.
11:28 of 1st period - Wrist shot by Matt Moulson.
11:28 of 1st period - Stopped by Ryan Miller with a rebound.
11:30 of 1st period - Slapshot by Fedor Tyutin.
11:30 of 1st period - Stopped by Ryan Miller without a rebound.
11:31 of 1st period - Chris Drury wins face-off versus Saku Koivu in Coyotes zone.
11:56 of 1st period - Adrian Aucoin is hit by Vaclav Prospal and loses puck.
12:23 of 1st period - Snap shot by Frans Nielsen.
12:23 of 1st period - Shot Misses the Net.
12:25 of 1st period - Snap shot by Drew Miller.
12:25 of 1st period - Stopped by Julien Ellis without a rebound.
12:26 of 1st period - Frans Nielsen wins face-off versus Chris Drury in Wild zone.
12:52 of 1st period - Vaclav Prospal is hit by Tyler Ennis and loses puck.
12:57 of 1st period - Wrist shot by Marian Gaborik.
12:57 of 1st period - Stopped by Julien Ellis without a rebound.
12:58 of 1st period - Chris Drury wins face-off versus Tim Connolly in Wild zone.
13:23 of 1st period - Snap shot by Marian Gaborik.
13:23 of 1st period - Stopped by Julien Ellis with a rebound.
13:29 of 1st period - Wrist shot by Marian Gaborik.
13:29 of 1st period - Shot Misses the Net.
13:33 of 1st period - Snap shot by Tim Connolly.
13:33 of 1st period - Goal by Tim Connolly - Coyotes : 2 - Wild : 0.
13:34 of 1st period - Saku Koivu wins face-off versus Vaclav Prospal in neutral zone.
13:37 of 1st period - Alexei Kovalev is hit by Matt Taormina and loses puck.
13:44 of 1st period - Snap shot by Chad Larose.
13:44 of 1st period - Shot Blocked by Vaclav Prospal.
13:48 of 1st period - Wrist shot by Chad Larose.
13:48 of 1st period - Stopped by Julien Ellis with a rebound.
14:02 of 1st period - Matt Taormina is hit by R.J. Umberger and loses puck.
14:21 of 1st period - Wrist shot by Pascal Dupuis.
14:21 of 1st period - Deflect By Fredrik Modin.
14:21 of 1st period - Stopped by Ryan Miller with a rebound.
14:23 of 1st period - Snap shot by Kristopher Letang.
14:23 of 1st period - Stopped by Ryan Miller without a rebound.
14:24 of 1st period - Glen Metropolit wins face-off versus Frans Nielsen in Coyotes zone.
14:27 of 1st period - Snap shot by Pascal Dupuis.
14:27 of 1st period - Stopped by Ryan Miller with a rebound.
14:37 of 1st period - Slapshot by Pascal Dupuis.
14:37 of 1st period - Stopped by Ryan Miller without a rebound.
14:38 of 1st period - Saku Koivu wins face-off versus Chris Drury in Coyotes zone.
15:03 of 1st period - Daniel Briere is hit by Sergei Gonchar and loses puck.
15:08 of 1st period - Wrist shot by Erik Christensen.
15:08 of 1st period - Stopped by Julien Ellis with a rebound.
15:52 of 1st period - Snap shot by Vaclav Prospal.
15:52 of 1st period - Shot Misses the Net.
15:54 of 1st period - Slapshot by Mark Eaton.
15:54 of 1st period - Stopped by Ryan Miller with a rebound.
16:06 of 1st period - Greg Zanon is hit by Saku Koivu and loses puck.
17:15 of 1st period - Snap shot by Chad Larose.
17:15 of 1st period - Shot Blocked by Glen Metropolit.
18:59 of 1st period - Backhand shot by Erik Cole.
18:59 of 1st period - Stopped by Julien Ellis without a rebound.
19:00 of 1st period - Erik Cole wins face-off versus Vaclav Prospal in Wild zone.
19:43 of 1st period - Slapshot by Drew Miller.
19:43 of 1st period - Shot Blocked by Kristopher Letang.
Goals for this period are 2 for Coyotes vs 0 for Wild.
Shots for this period are 14 for Coyotes vs 9 for Wild.

2nd period


0:01 of 2nd period - Marian Gaborik wins face-off versus Chris Drury in neutral zone.
0:11 of 2nd period - Minor Penalty to Tyler Ennis for Holding.
0:12 of 2nd period - Chris Drury wins face-off versus Drew Miller in Coyotes zone.
0:14 of 2nd period - Snap shot by Daniel Briere.
0:14 of 2nd period - Shot Misses the Net.
0:16 of 2nd period - Wrist shot by Kristopher Letang.
0:16 of 2nd period - Stopped by Ryan Miller without a rebound.
0:17 of 2nd period - Drew Miller wins face-off versus Chris Drury in Coyotes zone.
0:27 of 2nd period - Off-side.
0:28 of 2nd period - R.J. Umberger wins face-off versus Drew Miller in neutral zone.
1:02 of 2nd period - Snap shot by Alexei Kovalev.
1:02 of 2nd period - Stopped by Ryan Miller with a rebound.
2:11 of 2nd period - Penalty to Tyler Ennis is over, Tyler Ennis is back on ice.
2:11 of 2nd period - Matt Moulson is hit by Erik Christensen and loses puck.
4:05 of 2nd period - Greg Zanon is hit by Tyler Ennis and loses puck.
4:44 of 2nd period - Glen Metropolit is hit by Shawn Thornton and loses puck.
5:12 of 2nd period - Slapshot by Drew Miller.
5:12 of 2nd period - Shot Misses the Net.
6:44 of 2nd period - Pascal Dupuis is hit by Andy Sutton and loses puck.
8:18 of 2nd period - Daniel Briere is hit by Marian Gaborik.
8:24 of 2nd period - Minor Penalty to Chris Drury for Holding.
8:25 of 2nd period - Saku Koivu wins face-off versus Daniel Briere in Wild zone.
8:36 of 2nd period - Wrist shot by Saku Koivu.
8:36 of 2nd period - Deflect By Frans Nielsen.
8:36 of 2nd period - Goal by Frans Nielsen - Coyotes : 3 - Wild : 0.
8:37 of 2nd period - Tim Connolly wins face-off versus Vaclav Prospal in neutral zone.
8:46 of 2nd period - Snap shot by Tim Connolly.
8:46 of 2nd period - Shot Misses the Net.
8:48 of 2nd period - Snap shot by Tim Connolly.
8:48 of 2nd period - Shot Misses the Net.
8:50 of 2nd period - Slapshot by Denis Grebeshkov.
8:50 of 2nd period - Deflect By Alexei Kovalev.
8:50 of 2nd period - Stopped by Julien Ellis without a rebound.
8:51 of 2nd period - Chris Drury wins face-off versus Erik Cole in Wild zone.
8:51 of 2nd period - Chris Drury is hit by Saku Koivu.
8:54 of 2nd period - Minor Penalty to Fedor Tyutin for Delaying the game.
8:55 of 2nd period - Daniel Briere wins face-off versus Tyler Ennis in Wild zone.
10:46 of 2nd period - Vaclav Prospal is hit by Drew Miller.
10:50 of 2nd period - Kristopher Letang is hit by Marian Gaborik and loses puck.
10:54 of 2nd period - Penalty to Fedor Tyutin is over, Fedor Tyutin is back on ice.
11:12 of 2nd period - Wrist shot by Vaclav Prospal.
11:12 of 2nd period - Shot Misses the Net.
11:14 of 2nd period - Snap shot by Fedor Tyutin.
11:14 of 2nd period - Shot Blocked by Anton Stralman.
11:22 of 2nd period - Erik Christensen is hit by R.J. Umberger.
11:40 of 2nd period - Greg Zanon is hit by Sami Kapanen and loses puck.
11:47 of 2nd period - Mark Eaton is hit by Denis Grebeshkov and loses puck.
11:54 of 2nd period - Slapshot by Erik Christensen.
11:54 of 2nd period - Stopped by Julien Ellis without a rebound.
11:55 of 2nd period - Saku Koivu wins face-off versus Glen Metropolit in Wild zone.
11:58 of 2nd period - Wrist shot by Saku Koivu.
11:58 of 2nd period - Stopped by Julien Ellis with a rebound.
12:01 of 2nd period - Icing by Niklas Kronwall.
12:02 of 2nd period - Saku Koivu wins face-off versus Glen Metropolit in Wild zone.
12:29 of 2nd period - Slapshot by Fredrik Modin.
12:29 of 2nd period - Shot Misses the Net.
12:54 of 2nd period - Slapshot by Erik Cole.
12:54 of 2nd period - Shot Misses the Net.
12:56 of 2nd period - Wrist shot by Saku Koivu.
12:56 of 2nd period - Stopped by Julien Ellis with a rebound.
13:22 of 2nd period - Snap shot by Pascal Dupuis.
13:22 of 2nd period - Shot Misses the Net.
13:28 of 2nd period - Wrist shot by Saku Koivu.
13:28 of 2nd period - Shot Misses the Net.
13:30 of 2nd period - Backhand shot by Anton Stralman.
13:30 of 2nd period - Stopped by Julien Ellis without a rebound.
13:31 of 2nd period - Tim Connolly wins face-off versus Chris Drury in Wild zone.
13:42 of 2nd period - Slapshot by Daniel Briere.
13:42 of 2nd period - Shot Misses the Net.
13:44 of 2nd period - Snap shot by Kristopher Letang.
13:44 of 2nd period - Shot Blocked by Andy Sutton.
13:57 of 2nd period - Icing by Frans Nielsen.
13:58 of 2nd period - Frans Nielsen wins face-off versus Vaclav Prospal in Coyotes zone.
14:23 of 2nd period - Matt Taormina is hit by Chris Drury and loses puck.
14:29 of 2nd period - Icing by Andy Sutton.
14:30 of 2nd period - Chris Drury wins face-off versus Tim Connolly in Coyotes zone.
14:31 of 2nd period - Slapshot by Daniel Briere.
14:31 of 2nd period - Stopped by Ryan Miller with a rebound.
14:42 of 2nd period - Wrist shot by Daniel Briere.
14:42 of 2nd period - Stopped by Ryan Miller without a rebound.
14:43 of 2nd period - Chris Drury wins face-off versus Marian Gaborik in Coyotes zone.
14:44 of 2nd period - Snap shot by Daniel Briere.
14:44 of 2nd period - Shot Misses the Net.
14:46 of 2nd period - Wrist shot by Chris Drury.
14:46 of 2nd period - Stopped by Ryan Miller with a rebound.
14:52 of 2nd period - Snap shot by Chris Drury.
14:52 of 2nd period - Stopped by Ryan Miller with a rebound.
14:54 of 2nd period - Snap shot by Fedor Tyutin.
14:54 of 2nd period - Shot Blocked by Marian Gaborik.
15:25 of 2nd period - Slapshot by Frans Nielsen.
15:25 of 2nd period - Stopped by Julien Ellis with a rebound.
15:27 of 2nd period - Snap shot by Frans Nielsen.
15:27 of 2nd period - Shot Misses the Net.
16:01 of 2nd period - Wrist shot by Daniel Briere.
16:01 of 2nd period - Stopped by Ryan Miller with a rebound.
16:03 of 2nd period - Slapshot by Niklas Kronwall.
16:03 of 2nd period - Stopped by Ryan Miller with a rebound.
16:41 of 2nd period - Wrist shot by Marian Gaborik.
16:41 of 2nd period - Shot Misses the Net.
17:01 of 2nd period - Anton Stralman is hit by Vaclav Prospal and loses puck.
17:30 of 2nd period - Wrist shot by Marian Gaborik.
17:30 of 2nd period - Deflect By Tyler Ennis.
17:30 of 2nd period - Shot Misses the Net.
17:30 of 2nd period - Puck is out of play.
17:31 of 2nd period - Frans Nielsen wins face-off versus Chris Drury in Wild zone.
17:34 of 2nd period - Snap shot by Drew Miller.
17:34 of 2nd period - Shot Blocked by R.J. Umberger.
17:44 of 2nd period - Snap shot by Daniel Briere.
17:44 of 2nd period - Stopped by Ryan Miller with a rebound.
17:46 of 2nd period - Slapshot by Kristopher Letang.
17:46 of 2nd period - Stopped by Ryan Miller without a rebound.
17:47 of 2nd period - Saku Koivu wins face-off versus Chris Drury in Coyotes zone.
18:00 of 2nd period - Off-side.
18:01 of 2nd period - Chris Drury wins face-off versus Frans Nielsen in neutral zone.
18:04 of 2nd period - Slapshot by Kristopher Letang.
18:04 of 2nd period - Shot Misses the Net.
18:06 of 2nd period - Wrist shot by Daniel Briere.
18:06 of 2nd period - Goal by Daniel Briere - Coyotes : 3 - Wild : 1.
18:07 of 2nd period - Frans Nielsen wins face-off versus Chris Drury in neutral zone.
18:12 of 2nd period - Wrist shot by Chris Stewart.
18:12 of 2nd period - Stopped by Julien Ellis without a rebound.
18:13 of 2nd period - Chris Drury wins face-off versus Frans Nielsen in Wild zone.
18:13 of 2nd period - Chris Drury is hit by Frans Nielsen.
19:03 of 2nd period - Wrist shot by Fedor Tyutin.
19:03 of 2nd period - Deflect By Glen Metropolit.
19:03 of 2nd period - Shot Blocked by Andy Sutton.
19:03 of 2nd period - Puck is out of play.
19:04 of 2nd period - Saku Koivu wins face-off versus Glen Metropolit in Coyotes zone.
19:25 of 2nd period - Minor Penalty to Matt Taormina for Holding.
19:26 of 2nd period - Drew Miller wins face-off versus Chris Drury in Coyotes zone.
19:26 of 2nd period - Drew Miller is hit by R.J. Umberger.
19:35 of 2nd period - Off-side.
19:36 of 2nd period - Drew Miller wins face-off versus Chris Drury in neutral zone.
19:52 of 2nd period - Off-side.
19:53 of 2nd period - Chris Drury wins face-off versus Drew Miller in neutral zone.
Goals for this period are 1 for Coyotes vs 1 for Wild.
Shots for this period are 8 for Coyotes vs 11 for Wild.

3rd period


0:01 of 3rd period - Chris Drury wins face-off versus Drew Miller in neutral zone.
0:26 of 3rd period - Adrian Aucoin is hit by Vaclav Prospal and loses puck.
1:25 of 3rd period - Penalty to Matt Taormina is over, Matt Taormina is back on ice.
1:37 of 3rd period - Wrist shot by Pascal Dupuis.
1:37 of 3rd period - Goal by Pascal Dupuis - Coyotes : 3 - Wild : 2.
1:38 of 3rd period - Chris Drury wins face-off versus Frans Nielsen in neutral zone.
1:44 of 3rd period - Adrian Aucoin is hit by R.J. Umberger and loses puck.
2:17 of 3rd period - Snap shot by Matt Moulson.
2:17 of 3rd period - Shot Blocked by Adrian Aucoin.
2:52 of 3rd period - Slapshot by Kristopher Letang.
2:52 of 3rd period - Shot Misses the Net.
2:54 of 3rd period - Wrist shot by Chris Drury.
2:54 of 3rd period - Shot Misses the Net.
3:08 of 3rd period - Backhand shot by Alexei Kovalev.
3:08 of 3rd period - Stopped by Ryan Miller without a rebound.
3:09 of 3rd period - Tim Connolly wins face-off versus Vaclav Prospal in Coyotes zone.
3:09 of 3rd period - Tim Connolly is hit by Vaclav Prospal.
3:21 of 3rd period - Backhand shot by Matt Moulson.
3:21 of 3rd period - Shot Blocked by Marian Gaborik.
3:41 of 3rd period - Wrist shot by Alexei Kovalev.
3:41 of 3rd period - Stopped by Ryan Miller with a rebound.
3:59 of 3rd period - Snap shot by Tim Connolly.
3:59 of 3rd period - Shot Misses the Net.
4:01 of 3rd period - Slapshot by Tyler Ennis.
4:01 of 3rd period - Stopped by Julien Ellis without a rebound.
4:02 of 3rd period - Frans Nielsen wins face-off versus Chris Drury in Wild zone.
4:09 of 3rd period - Slapshot by Adrian Aucoin.
4:09 of 3rd period - Shot Misses the Net.
4:11 of 3rd period - Slapshot by Adrian Aucoin.
4:11 of 3rd period - Stopped by Julien Ellis without a rebound.
4:12 of 3rd period - Chris Drury wins face-off versus Frans Nielsen in Wild zone.
4:22 of 3rd period - R.J. Umberger is hit by Frans Nielsen and loses puck.
4:27 of 3rd period - Snap shot by Frans Nielsen.
4:27 of 3rd period - Stopped by Julien Ellis with a rebound.
4:29 of 3rd period - Slapshot by Adrian Aucoin.
4:29 of 3rd period - Shot Blocked by Kristopher Letang.
4:47 of 3rd period - Snap shot by Daniel Briere.
4:47 of 3rd period - Stopped by Ryan Miller without a rebound.
4:48 of 3rd period - Vaclav Prospal wins face-off versus Tim Connolly in Coyotes zone.
4:55 of 3rd period - Matt Moulson is hit by Marian Gaborik and loses puck.
5:39 of 3rd period - Snap shot by Daniel Briere.
5:39 of 3rd period - Shot Misses the Net.
5:41 of 3rd period - Snap shot by Daniel Briere.
5:41 of 3rd period - Stopped by Ryan Miller with a rebound.
5:43 of 3rd period - Wrist shot by Chris Drury.
5:43 of 3rd period - Shot Misses the Net.
6:29 of 3rd period - Snap shot by Chris Drury.
6:29 of 3rd period - Shot Misses the Net.
6:49 of 3rd period - Adrian Aucoin is hit by Alexei Kovalev and loses puck.
7:29 of 3rd period - Icing by Erik Cole.
7:30 of 3rd period - Tim Connolly wins face-off versus Vaclav Prospal in Coyotes zone.
7:45 of 3rd period - Snap shot by Tim Connolly.
7:45 of 3rd period - Deflect By Alexei Kovalev.
7:45 of 3rd period - Stopped by Julien Ellis with a rebound.
7:47 of 3rd period - Wrist shot by Tyler Ennis.
7:47 of 3rd period - Stopped by Julien Ellis with a rebound.
7:57 of 3rd period - Adrian Aucoin is hit by Kristopher Letang and loses puck.
8:06 of 3rd period - Snap shot by Frans Nielsen.
8:06 of 3rd period - Shot Misses the Net.
8:08 of 3rd period - Snap shot by Drew Miller.
8:08 of 3rd period - Shot Misses the Net.
8:55 of 3rd period - Off-side.
8:56 of 3rd period - Tim Connolly wins face-off versus Daniel Briere in neutral zone.
9:26 of 3rd period - Minor Penalty to Daniel Briere for High sticking.
9:27 of 3rd period - Glen Metropolit wins face-off versus Saku Koivu in Wild zone.
9:56 of 3rd period - Off-side.
9:57 of 3rd period - Glen Metropolit wins face-off versus Tim Connolly in neutral zone.
11:16 of 3rd period - Fredrik Modin is hit by Frans Nielsen and loses puck.
11:26 of 3rd period - Penalty to Daniel Briere is over, Daniel Briere is back on ice.
11:30 of 3rd period - Icing by Tyler Ennis.
11:31 of 3rd period - Chris Drury wins face-off versus Tim Connolly in Coyotes zone.
11:32 of 3rd period - Wrist shot by Daniel Briere.
11:32 of 3rd period - Deflect By Chris Drury.
11:32 of 3rd period - Stopped by Ryan Miller without a rebound.
11:33 of 3rd period - Chris Drury wins face-off versus Frans Nielsen in Coyotes zone.
11:42 of 3rd period - Wrist shot by Daniel Briere.
11:42 of 3rd period - Shot Misses the Net.
11:44 of 3rd period - Snap shot by Scott Hannan.
11:44 of 3rd period - Shot Misses the Net.
11:46 of 3rd period - Snap shot by Scott Hannan.
11:46 of 3rd period - Stopped by Ryan Miller with a rebound.
12:38 of 3rd period - Snap shot by Daniel Briere.
12:38 of 3rd period - Goal by Daniel Briere - Coyotes : 3 - Wild : 3.
12:39 of 3rd period - Chris Drury wins face-off versus Frans Nielsen in neutral zone.
12:42 of 3rd period - Drew Miller is hit by Kristopher Letang.
12:59 of 3rd period - Minor Penalty to Frans Nielsen for Hooking.
13:00 of 3rd period - Drew Miller wins face-off versus Chris Drury in Coyotes zone.
13:26 of 3rd period - Erik Cole is hit by Alexei Kovalev and loses puck.
14:59 of 3rd period - Penalty to Frans Nielsen is over, Frans Nielsen is back on ice.
15:07 of 3rd period - Slapshot by Glen Metropolit.
15:07 of 3rd period - Shot Misses the Net.
15:13 of 3rd period - Snap shot by Frans Nielsen.
15:13 of 3rd period - Shot Misses the Net.
15:15 of 3rd period - Slapshot by Frans Nielsen.
15:15 of 3rd period - Shot Blocked by Pascal Dupuis.
15:17 of 3rd period - Slapshot by Frans Nielsen.
15:17 of 3rd period - Stopped by Julien Ellis without a rebound.
15:18 of 3rd period - Tim Connolly wins face-off versus Vaclav Prospal in Wild zone.
15:21 of 3rd period - Wrist shot by Tim Connolly.
15:21 of 3rd period - Stopped by Julien Ellis with a rebound.
15:23 of 3rd period - Minor Penalty to Scott Hannan for Hooking.
15:24 of 3rd period - Tim Connolly wins face-off versus Daniel Briere in Wild zone.
15:59 of 3rd period - Slapshot by Denis Grebeshkov.
15:59 of 3rd period - Shot Blocked by R.J. Umberger.
16:01 of 3rd period - Slapshot by Denis Grebeshkov.
16:01 of 3rd period - Deflect By Saku Koivu.
16:01 of 3rd period - Shot Misses the Net.
16:01 of 3rd period - Puck is out of play.
16:02 of 3rd period - Saku Koivu wins face-off versus Vaclav Prospal in Wild zone.
16:15 of 3rd period - Snap shot by Frans Nielsen.
16:15 of 3rd period - Stopped by Julien Ellis without a rebound.
16:16 of 3rd period - Tim Connolly wins face-off versus Daniel Briere in Wild zone.
16:31 of 3rd period - Snap shot by Marian Gaborik.
16:31 of 3rd period - Stopped by Julien Ellis with a rebound.
16:33 of 3rd period - Snap shot by Tim Connolly.
16:33 of 3rd period - Goal by Tim Connolly - Coyotes : 4 - Wild : 3.
16:34 of 3rd period - Saku Koivu wins face-off versus Daniel Briere in neutral zone.
16:45 of 3rd period - Snap shot by Saku Koivu.
16:45 of 3rd period - Stopped by Julien Ellis without a rebound.
16:46 of 3rd period - Saku Koivu wins face-off versus Daniel Briere in Wild zone.
16:53 of 3rd period - Wrist shot by Saku Koivu.
16:53 of 3rd period - Deflect By Chad Larose.
16:53 of 3rd period - Stopped by Julien Ellis with a rebound.
17:11 of 3rd period - Denis Grebeshkov is hit by Alexei Kovalev.
17:35 of 3rd period - Wrist shot by Pascal Dupuis.
17:35 of 3rd period - Shot Misses the Net.
17:41 of 3rd period - Wrist shot by Tim Connolly.
17:41 of 3rd period - Stopped by Julien Ellis without a rebound.
17:42 of 3rd period - Saku Koivu wins face-off versus Daniel Briere in Wild zone.
17:53 of 3rd period - Adrian Aucoin is hit by Mark Eaton and loses puck.
18:10 of 3rd period - Niklas Kronwall is hit by Marian Gaborik and loses puck.
18:19 of 3rd period - Niklas Kronwall is hit by Tyler Ennis and loses puck.
18:33 of 3rd period - Icing by Vaclav Prospal.
18:34 of 3rd period - Erik Christensen wins face-off versus Glen Metropolit in Wild zone.
19:02 of 3rd period - Wild, Julien Ellis is pulled from the net.
19:02 of 3rd period - Slapshot by Niklas Kronwall.
19:02 of 3rd period - Shot Misses the Net.
19:04 of 3rd period - Wrist shot by R.J. Umberger.
19:04 of 3rd period - Stopped by Ryan Miller with a rebound.
19:10 of 3rd period - Wrist shot by Daniel Briere.
19:10 of 3rd period - Shot Blocked by Sergei Gonchar.
19:28 of 3rd period - Slapshot by Anton Stralman.
19:28 of 3rd period - Shot Blocked by Daniel Briere.
19:46 of 3rd period - Slapshot by Chris Drury.
19:46 of 3rd period - Shot Misses the Net.
19:48 of 3rd period - Snap shot by Daniel Briere.
19:48 of 3rd period - Goal by Daniel Briere - Coyotes : 4 - Wild : 4.
19:48 of 3rd period - Julien Ellis from Wild was sent back in the game.
19:49 of 3rd period - Erik Christensen wins face-off versus Chris Drury in neutral zone.
Goals for this period are 1 for Coyotes vs 3 for Wild.
Shots for this period are 13 for Coyotes vs 10 for Wild.

Overtime #1


0:01 of 1st overtime period - Tim Connolly wins face-off versus Daniel Briere in neutral zone.
0:14 of 1st overtime period - Snap shot by Daniel Briere.
0:14 of 1st overtime period - Shot Misses the Net.
0:16 of 1st overtime period - Snap shot by Daniel Briere.
0:16 of 1st overtime period - Goal by Daniel Briere - Coyotes : 4 - Wild : 5.
Goals for this period are 0 for Coyotes vs 1 for Wild.
Shots for this period are 0 for Coyotes vs 1 for Wild.


Output by the SimonT Hockey Simulator (STHS) for François Prévost -- Original Page W3C XHTML 1.0 Valid
Hockey Simulator - Hockey Simulation - Hockey Manager